 Dungeon Crawl Stone Soup version 0.21.0 (webtiles) character file.

9917 bombasticus the Fighter (level 11, -7/69 HPs)
             Began as a Gargoyle Berserker on Jan 20, 2018.
             Was a High Priest of Trog.
             Mangled by a 17-headed hydra (8 damage)
             ... on level 11 of the Dungeon.
             The game lasted 00:43:13 (10818 turns).

bombasticus the Fighter (Gargoyle Berserker)       Turns: 10818, Time: 00:43:13

Health: -7/69      AC: 24    Str: 23    XL:     11   Next: 54%
Magic:  11/11      EV:  8    Int: 16    God:    Trog [*****.]
Gold:   814        SH:  4    Dex:  6    Spells: 10/10 levels left

rFire    . . .     SeeInvis +   D - +2 hand axe (freeze)
rCold    x . .     Gourm    .   i - +0 buckler
rNeg     + . .     Faith    .   M - +0 plate armour
rPois    ∞         Spirit   .   G - +0 helmet
rElec    +         Reflect  .   N - +0 cloak
rCorr    .         Harm     .   (no gloves)
MR       .....     Rnd*Tele +   (no boots)
Stlth    ..........             a - amulet of regeneration
HPRegen  0.61/turn              f - ring of teleportation (curse)
MPRegen  0.12/turn              q - ring "Omifegut" {rElec rC- Int+7 Dex-3 SInv}

@: berserk cooldown, slowed, very slow
A: negative energy resistance 1, electricity resistance, unbreathing,
petrification resistance, rot immunity, AC +8
a: Berserk, Trog's Hand, Brothers in Arms, Burn Spellbooks, Renounce Religion


You were on level 11 of the Dungeon.
You worshipped Trog.
Trog was extremely pleased with you.
You were very hungry.

You visited 1 branch of the dungeon, and saw 11 of its levels.

You collected 814 gold pieces.

Inventory:

Hand Weapons
 b - a cursed -1 short sword
 g - a cursed -1 shortbow
 m - a +3 falchion of holy wrath
 p - a +2 falchion of draining
 s - a +3 antimagic demon whip
 y - a +0 halberd of flaming
 C - a cursed -2 dagger
 D - a +2 hand axe of freezing (weapon)
Missiles
 r - 183 sling bullets (quivered)
 L - 4 tomahawks of returning
Armour
 i - a +0 buckler (worn)
 G - a +0 helmet (worn)
 M - a +0 plate armour (worn)
 N - a +0 cloak (worn)
Jewellery
 a - an amulet of regeneration (around neck)
 f - a cursed ring of teleportation (left hand)
 k - a +2 amulet of reflection
 q - the ring "Omifegut" (right hand) {rElec rC- Int+7 Dex-3 SInv}
   (You took it off a crimson imp on level 5 of the Dungeon)

   [ring of see invisible]

   It affects your intelligence (+7).
   It affects your dexterity (-3).
   It makes you vulnerable to cold.
   It insulates you from electricity.
   It lets you see invisible.
Wands
 e - a wand of paralysis (14)
 B - a wand of enslavement (14)
 R - a wand of digging (15)
Scrolls
 d - 4 scrolls of enchant armour
 h - 9 scrolls of identify
 l - 2 scrolls of blinking
 n - 4 scrolls of teleportation
 o - 6 scrolls of remove curse
 v - 2 scrolls of enchant weapon {unknown}
 F - a scroll of brand weapon {unknown}
 J - a scroll of fog {unknown}
 K - 2 scrolls of magic mapping
 O - a scroll of holy word {unknown}
 S - a scroll of immolation {unknown}
Potions
 j - a potion of mutation {unknown}
 t - a potion of might {unknown}
 u - 2 potions of lignification
 w - 7 potions of curing
 z - a potion of haste {unknown}
 A - a potion of resistance {unknown}
 E - a potion of flight {unknown}
 H - a potion of agility {unknown}
 I - 3 potions of cancellation
 P - a potion of ambrosia {unknown}
 Q - a potion of heal wounds {unknown}
Comestibles
 c - 15 rations


   Skills:
 + Level 8.9 Fighting
 + Level 7.0 Long Blades
 + Level 7.2 Axes
   Level 3.2(4.6) Slings
 + Level 5.0(5.4) Throwing
 + Level 8.7 Armour
 + Level 3.4 Dodging
 + Level 1.9 Stealth
 + Level 5.5 Shields


You had 10 spell levels left.
You didn't know any spells.

Dungeon Overview and Level Annotations

Branches:
Dungeon (11/15)            Temple (0/1) D:7            Lair (0/6) D:9
    Orc (0/2) D:9

Altars:
Cheibriados
Fedhas
Hepliaklqana
Qazlal
Xom

Shops:
D:8 (


Innate Abilities, Weirdness & Mutations

You are resistant to torment.
Your stone body is resilient. (AC +8)
You are immune to poison.
You resist negative energy. (rN+)
You are resistant to electric shocks. (rElec)
You can survive without breathing.
You are immune to petrification.
You are immune to rotting.


Message History

You are exhausted.
You feel yourself slow down.
There is an open door here.
The 17-headed hydra is no longer moving slowly.
The 17-headed hydra bites you but does no damage.
The 17-headed hydra completely misses you.
The 17-headed hydra bites you but does no damage.
The 17-headed hydra bites you.
* * * LOW HITPOINT WARNING * * *
The 17-headed hydra bites you!
* * * LOW HITPOINT WARNING * * *
The 17-headed hydra closely misses you. x2
You block the 17-headed hydra's attack. The 17-headed hydra bites you!
* * * LOW HITPOINT WARNING * * *
The 17-headed hydra bites you but does no damage. x2
The 17-headed hydra bites you.
* * * LOW HITPOINT WARNING * * *
The 17-headed hydra completely misses you.
The 17-headed hydra bites you!
You die...

#...# #...# #...#
#.#.# #...
#...###### ##...
#........# #....
#.#...##.# #....
#........# #....
#@.......# +....
#D##..##.# #.##.
#.##..##.# #.##.
#........#+###....
#........#...#....
#..#####.#...'....
#........#...#.#..
#....##'######.#..
#.##.#.......#.#..


You could see a 17-headed hydra.

Vanquished Creatures
  Snorg (D:10)
  A two-headed ogre (D:8)
  The ghost of Kave the Ruffian, a novice TrTm (D:8)
  2 centaur skeletons
  2 trolls
  The ghost of RedSky the Digger, an amateur DrEE (D:4)
  4 hippogriffs
  A yak (D:8)
  3 hogs (D:8)
  A human (D:8)
  4 hungry ghosts
  A sky beast (D:8)
  5 ice beasts
  4 orc warriors
  A hornet zombie (D:11)
  5 ogres
  4 phantoms
  4 centaurs
  A crocodile (D:10)
  Blork the orc (D:6)
  A big kobold (D:10)
  A wyvern zombie (D:11)
  2 bullfrogs
  7 scorpions
  2 troll zombies (D:9)
  3 wights (D:11)
  2 howler monkeys
  9 crimson imps
  A bullfrog zombie (D:8)
  A quasit (D:10)
  4 hounds
  2 bullfrog skeletons
  7 orc priests
  12 orc wizards
  4 iguanas
  Terence (D:3)
  Natasha (D:3)
  8 worker ants
  4 ogre zombies (D:9)
  A hound zombie (D:10)
  A hound skeleton (D:6)
  A howler monkey zombie (D:8)
  2 worker ant zombies
  A gnoll (D:1)
  11 adders
  A shadow imp (D:4)
  3 adder zombies
  An adder skeleton (D:9)
  5 worms
  3 dart slugs (D:1)
  3 leopard geckos
  39 orcs
  A ball python (D:2)
  6 bats
  5 giant cockroaches
  5 goblins
  4 hobgoblins
  11 jackals
  9 kobolds
  3 quokkas
  4 frilled lizards
  2 goblin skeletons (D:9)
  3 goblin zombies (D:9)
  2 orc skeletons (D:9)
  11 orc zombies (D:9)
  A quokka skeleton (D:7)
  A quokka zombie (D:8)
  5 rats
264 creatures vanquished.

Notes
Turn   | Place    | Note
-------+----------+-------------------------------------------
     0 | D:1      | bombasticus the Gargoyle Berserker began the quest for the Orb.
     0 | D:1      | Reached XP level 1. HP: 14/14 MP: 1/1
   150 | D:1      | Reached XP level 2. HP: 20/20 MP: 2/2
   387 | D:1      | Reached skill level 1 in Throwing
   387 | D:1      | Reached XP level 3. HP: 17/24 MP: 3/3
  1316 | D:2      | Reached XP level 4. HP: 21/29 MP: 4/4
  1687 | D:3      | Noticed Terence
  1704 | D:3      | Killed Terence
  1867 | D:3      | Reached ** piety under Trog
  2069 | D:3      | Found a blossoming altar of Fedhas.
  2130 | D:3      | Reached XP level 5. HP: 31/34 MP: 5/5
  2259 | D:3      | Noticed Natasha
  2270 | D:3      | Killed Natasha
  2541 | D:4      | Reached XP level 6. HP: 39/40 MP: 6/6
  2656 | D:4      | Reached skill level 5 in Fighting
  2656 | D:4      | Reached skill level 1 in Shields
  2882 | D:4      | Noticed RedSky's ghost (amateur DrEE)
  2892 | D:4      | Killed RedSky's ghost
  2892 | D:4      | Reached XP level 7. HP: 44/44 MP: 7/7
  3009 | D:4      | Found a hazy altar of Hepliaklqana.
  3009 | D:4      | Found a stormy altar of Qazlal.
  3016 | D:4      | Reached skill level 1 in Stealth
  3017 | D:4      | Found a shimmering altar of Xom.
  3391 | D:5      | Entered Level 5 of the Dungeon
  3454 | D:5      | Reached *** piety under Trog
  3698 | D:5      | Received a gift from Trog
  3698 | D:5      | Reached XP level 8. HP: 31/50 MP: 8/8
  3725 | D:5      | Reached skill level 5 in Long Blades
  3751 | D:5      | Found a snail-covered altar of Cheibriados.
  3953 | D:5      | Got a smoking silver ring
  4635 | D:6      | Reached skill level 5 in Armour
  4635 | D:6      | Reached XP level 9. HP: 18/55 MP: 9/9
  4953 | D:6      | Noticed Blork the orc
  4966 | D:6      | Killed Blork the orc
  5703 | D:7      | Reached **** piety under Trog
  5707 | D:7      | Reached skill level 1 in Axes
  5946 | D:7      | Received a gift from Trog
  6273 | D:7      | Found a staircase to the Ecumenical Temple.
  6697 | D:8      | Noticed Kave's ghost (novice TrTm)
  6716 | D:8      | Killed Kave's ghost
  6716 | D:8      | Reached skill level 5 in Throwing
  6716 | D:8      | Reached XP level 10. HP: 55/63 MP: 10/10
  7277 | D:8      | Found Bocee's Antique Weapon Shop.
  7282 | D:8      | Found a shimmering altar of Xom.
  7671 | D:8      | Reached skill level 5 in Axes
  7697 | D:8      | Noticed a two-headed ogre
  7713 | D:8      | Killed a two-headed ogre
  8049 | D:9      | Identified the ring "Omifegut" {rElec rC- Int+7 Dex-3 SInv} (You took it off a crimson imp on level 5 of the Dungeon)
  8164 | D:9      | Found a staircase to the Orcish Mines.
  8445 | D:9      | Paralysed by fainting for 11 turns
  8457 | D:9      | Reached XP level 11. HP: 64/68 MP: 11/11
  8563 | D:9      | Found a snail-covered altar of Cheibriados.
  8688 | D:9      | Found a staircase to the Lair.
  8931 | D:9      | Reached ***** piety under Trog
  8980 | D:9      | Reached skill level 1 in Slings
  9365 | D:10     | Entered Level 10 of the Dungeon
  9592 | D:10     | Noticed Snorg
  9607 | D:10     | Killed Snorg
  9607 | D:10     | Reached skill level 5 in Shields
  9831 | D:10     | Received a gift from Trog
 10785 | D:11     | Noticed a six-headed hydra
 10818 | D:11     | HP: 3/69 [17-headed hydra (8)]
 10818 | D:11     | HP: 1/69 [17-headed hydra (2)]
 10818 | D:11     | Mangled by a 17-headed hydra

Skill      XL: |  1  2  3  4  5  6  7  8  9 10 11 |
---------------+----------------------------------+-----
Throwing       | 1 2 3 4 5 |  5.0
Long Blades    | 3 4 6 7 |  7.0
Fighting       | 4 5 6 7 8 |  8.9
Dodging        | 2 3 |  3.4
Shields        | 1 2 3 4 5 |  5.5
Armour         | 3 4 5 6 7 8 |  8.7
Stealth        | 1 |  1.9
Axes           | 4 6 7 |  7.2
Slings         | 3 |  3.2

Action                   |  1- 3 |  4- 6 |  7- 9 | 10-12 || total
-------------------------+-------+-------+-------+-------++-------
Melee: Falchion          |    65 |   157 |   284 |       ||   506
       Hand axe          |       |       |   120 |   566 ||   686
       Demon whip        |       |       |       |    12 ||    12
 Fire: Hunting sling     |       |       |       |    58 ||    58
Throw: Stone             |    74 |    35 |       |       ||   109
       Tomahawk          |       |    35 |    71 |       ||   106
Invok: Berserk           |       |     1 |    10 |     5 ||    16
       Trog's Hand       |       |       |     1 |     2 ||     3
       Burn Spellbooks   |       |       |       |     1 ||     1
  Use: Scroll            |       |       |       |    11 ||    11
  Eat: Chunk             |     1 |     6 |    14 |    24 ||    45
       Ration            |       |       |     2 |     2 ||     4
Armor: Animal skin       |    25 |       |       |       ||    25
       Scale mail        |       |    69 |   182 |    27 ||   278
       Plate armour      |       |       |       |   514 ||   514
Dodge: Dodged            |    42 |    56 |   169 |   231 ||   498
Block: Buckler           |     8 |    31 |   100 |   182 ||   321
       Reflection        |       |     1 |       |     5 ||     6
       Rpst.: Falchion   |    10 |    19 |    45 |       ||    74
